 Dungeon Crawl Stone Soup version 0.22.1-1-ga44c0e56f4 (webtiles) character file.

119 Nixze the Sneak (level 4, -2/21 HPs)
             Began as a Spriggan Enchanter on Nov 3, 2018.
             Slain by an orc priest
             ... wielding a +4 whip of electrocution
              (9 damage)
             ... on level 2 of the Dungeon.
             The game lasted 00:04:36 (2033 turns).

Nixze the Sneak (Spriggan Enchanter)                Turns: 2033, Time: 00:04:37

Health: -2/21      AC:  3    Str:  1    XL:     4   Next: 74%
Magic:  0/11       EV: 18    Int: 17    God:
Gold:   48         SH:  0    Dex: 16    Spells: 8/11 levels left

rFire    + . .     SeeInvis +   a - +1 dagger
rCold    . . .     Gourm    .   (shield restricted)
rNeg     . . .     Faith    .   b - +0 robe
rPois    .         Spirit   .   j - +1 hat
rElec    .         Reflect  .   (no cloak)
rCorr    .         Harm     .   (gloves unavailable)
MR       .....                  (boots unavailable)
Stlth    +++.......             (no amulet)
HPRegen  0.07/turn              c - ring of protection from fire
MPRegen  0.12/turn              g - -3 ring of strength (curse)

@: very slightly contaminated, very quick
A: very small, unfitting armour, see invisible, herbivore, speed 3, slow
metabolism 2
a: no special abilities


You were on level 2 of the Dungeon.
You were not hungry.

You visited 1 branch of the dungeon, and saw 2 of its levels.

You collected 48 gold pieces.

Inventory:

Hand Weapons
 a - a +1 dagger (weapon)
Armour
 b - a +0 robe (worn)
 j - a +1 hat (worn)
Jewellery
 c - a ring of protection from fire (left hand)
 g - a cursed -3 ring of strength (right hand)
Scrolls
 e - a scroll of amnesia {unknown}
 f - 2 scrolls of identify {unknown}
 h - a scroll of fog {unknown}
 l - a scroll of remove curse {unknown}
 n - a scroll of fear {unknown}
Potions
 i - a potion of mutation {unknown}
 k - a potion of resistance {unknown}
 m - 3 potions of curing {unknown}
Comestibles
 d - 6 rations


   Skills:
 + Level 2.1 Short Blades
 - Level 3.0 Dodging
 + Level 5.2 Stealth
 * Level 4.0 Spellcasting
 * Level 4.7 Hexes
 + Level 1.0 Ice Magic


You had 8 spell levels left.
You knew the following spells:

 Your Spells              Type           Power        Failure   Level  Hunger
a - Corona                Hex            ###....      2%          1    None
b - Ensorcelled Hibernat  Hex/Ice        ##....       8%          2    ##.....

Your spell library contained the following spells:

 Spells                   Type           Power        Failure   Level  Hunger
 Confuse                  Hex            ###.....     7%          3    ###....
 Tukima's Dance           Hex            ###.....     7%          3    ###....
 Dazzling Spray           Conj/Hex       ##....       19%         3    ###....


Dungeon Overview and Level Annotations

Branches:
Dungeon (2/15)

Altars:

Annotations:
D:2 1 runed door


Innate Abilities, Weirdness & Mutations

You are very small and have problems with some larger weapons.
You are too small for most types of armour.
You have supernaturally acute eyesight. (SInv)
You are a herbivore.
You cover ground extremely quickly.
You need to consume almost no food.


Message History

Aim: an orc wizard, wielding a dagger of protection and wearing a robe (chance The orc wizard looks drowsy...
The orc priest hits you with a whip of electrocution.
The helpless orc wizard fails to defend itself.
You impale the orc wizard!!
You kill the orc wizard!
Your Spellcasting skill increases to level 4!
Your Ice Magic skill increases to level 1!
The orc priest misses you.
Casting: Ensorcelled Hibernation (safe; 8% risk of failure)
Confirm with . or Enter, or press ? or * to list all spells.
Aiming: Corona (safe; 2% risk of failure)
Press: ? - help, Shift-Dir - straight line, f - orc priest
Aim: an orc priest, wielding a whip of electrocution (lightly wounded, chance You miscast Corona.
You are very lightly contaminated with residual magic.
Multicoloured lights dance before your eyes!
The orc warrior shouts!
The orc priest hits you with a whip of electrocution!
You die...

....... ## .......# ..# .
....o..### #..#### .P
.o....... ....... ...
#.....# ..#.... .o.P
#...#######.......
........###.................
......>..###)#.....###......
...o...#...@o.......###o....
o......PbP..................
.........#..####..........
...PP..##....#..8.##o....
..#P...##.........##.....
####......####8.8.##.....
#....####.# #...........
##.######.# #..#.#......
#........#####...#......


You could see an orc warrior, an orc priest and a bat.

Vanquished Creatures
  Terence (D:2)
  An orc wizard (D:2)
  An adder (D:2)
  3 gnolls (D:2)
  An adder skeleton (D:2)
  A worm (D:2)
  A dart slug (D:1)
  A leopard gecko (D:2)
  A giant cockroach (D:2)
  3 goblins
  2 hobgoblins
  4 bats
  2 frilled lizards
  5 kobolds
  2 rats
29 creatures vanquished.

Vanquished Creatures (others)
  2 withered plants (D:2)
2 creatures vanquished.

Grand Total: 31 creatures vanquished

Notes
Turn   | Place    | Note
-------+----------+-------------------------------------------
     0 | D:1      | Nixze the Spriggan Enchanter began the quest for the Orb.
     0 | D:1      | Reached XP level 1. HP: 9/9 MP: 5/5
   300 | D:1      | Reached XP level 2. HP: 12/13 MP: 5/7
   378 | D:1      | Learned a level 2 spell: Ensorcelled Hibernation
  1030 | D:2      | Reached XP level 3. HP: 12/16 MP: 4/8
  1112 | D:2      | Noticed Terence
  1121 | D:2      | Killed Terence
  1206 | D:2      | Noticed an orc warrior
  1566 | D:2      | Reached skill level 5 in Stealth
  1569 | D:2      | Reached XP level 4. HP: 21/21 MP: 3/10
  1971 | D:2      | Found a runed door.
  2032 | D:2      | Reached skill level 1 in Ice Magic
  2033 | D:2      | Slain by an orc priest

Skill      XL: |  1  2  3  4 |
---------------+-------------+-----
Spellcasting   | 3 4 |  4.0
Hexes          | 4 |  4.7
Stealth        | 5 |  5.2
Short Blades   | 2 |  2.1
Ice Magic      | 1 |  1.0
Dodging        | |  3.0

Action                   |  1- 3 |  4- 6 || total
-------------------------+-------+-------++-------
Melee: Dagger            |    78 |    16 ||    94
 Cast: Corona            |    12 |     1 ||    13
       Ensorcelled Hiber |    17 |     9 ||    26
 Stab: Sleeping          |    14 |     5 ||    19
Armor: Robe              |     7 |     1 ||     8
Dodge: Dodged            |    65 |     9 ||    74
